Map: Dusk Towers

Players

Petraeus - Winner!

  • Race: Zerg Zerg
  • League: Master

IlIlIlIlIlIl

  • Race: Protoss Protoss

Event: NationWars III

VOD

Have the link to the VOD?

Description

Time

  • Played on: Nov. 22, 2015, 4:46 p.m.
  • Length: 13:34
Show
View Real Time Build Order
Export as new Build Order

Petraeus Zerg - Winner!

Build Orders: 3 Hatch before Pool, Lurkers 

Get SALT Encoding   

  12  0:01  Drone  
  13  0:13  Overlord  
  13  0:18  Drone  
  14  0:31  Drone  
  14  0:32  Drone  
  16  0:36  Drone  
  17  0:52  Hatchery  
  17  0:55  Drone  
  17  0:59  Drone  
  18  1:18  Hatchery  
  17  1:31  Spawning Pool  
  16  1:34  Drone  
  16  1:37  Drone  
  18  1:41  Drone  
  19  1:49  Drone, Extractor  
  19  2:03  Drone  
  19  2:06  Drone  
  21  2:16  Drone  
  21  2:18  Zergling x2  
  21  2:19  Queen, Zergling x2  
  21  2:21  Queen  
  28  2:28  Overlord  
  28  2:34  Queen  
  30  2:37  Drone  
  30  2:40  Drone  
  30  2:42  Drone  
  33  2:46  Drone  
  33  2:51  Metabolic Boost  
  34  2:58  Drone x2  
  34  3:04  Drone x2  
  38  3:07  Queen  
  39  3:17  Overlord  
  39  3:18  Zergling x4  
  41  3:28  Overlord, Roach Warren  
  41  3:30  Drone  
  41  3:37  Drone x5  
  41  3:38  Drone  
  47  3:43  Drone x2  
  49  3:48  Overlord  
  49  3:52  Drone x3  
  52  3:55  Drone  
  53  4:03  Evolution Chamber, Drone x2  
  53  4:05  Evolution Chamber, Extractor  
  53  4:06  Overlord  
  52  4:11  Drone  
  52  4:14  Drone x2  
  52  4:15  Drone x2  
  57  4:22  Overlord x2  
  57  4:25  Drone x2  
  57  4:28  Spore Crawler  
  57  4:31  Drone x4  
  59  4:34  Spore Crawler  
  59  4:37  Zerg Melee Weapons Level 1  
  61  4:41  Zerg Ground Armor Level 1  
  61  4:49  Spore Crawler, Drone  
  61  4:50  Drone, Spore Crawler  
  61  4:52  Drone  
  62  4:57  Drone  
  62  4:58  Drone x4  
  67  5:00  Roach  
  67  5:01  Roach x2  
  67  5:02  Roach  
  75  5:07  Queen  
  75  5:13  Drone  
  75  5:14  Drone x5  
  82  5:18  Drone  
  82  5:20  Lair  
  82  5:21  Drone  
  82  5:25  Overlord x2  
  82  5:26  Extractor  
  82  5:27  Drone  
  80  5:43  Zergling x6  
  80  5:45  Zergling x12  
  88  5:54  Drone  
  88  5:55  Drone x3  
  87  5:59  Extractor  
  87  6:00  Extractor  
  87  6:01  Hatchery  
  87  6:02  Drone x2  
  87  6:04  Drone x3  
  87  6:05  Drone, Extractor  
  87  6:07  Drone  
  87  6:10  Hatchery  
  89  6:11  Drone  
  89  6:14  Drone  
  89  6:18  Overlord  
  91  6:22  Drone  
  91  6:25  Spire, Ravager x3  
  95  6:27  Queen  
  96  6:33  Queen  
  96  6:35  Drone  
  96  6:36  Queen  
  96  6:38  Overlord x2  
  96  6:39  Zerg Melee Weapons Level 2  
  99  6:41  Drone x4  
  99  6:45  Zergling x6  
  105  6:51  Overlord x2  
  105  6:52  Overseer  
  105  7:10  Drone x6  
  105  7:13  Extractor  
  107  7:16  Spore Crawler, Drone x2, Extractor  
  107  7:21  Overlord  
  107  7:26  Drone x2  
  107  7:27  Drone  
  110  7:34  Ravager  
  108  7:39  Drone  
  108  7:40  Mutalisk x3  
  108  7:41  Mutalisk  
  108  7:42  Zerg Flyer Weapons Level 1, Mutalisk x4  
  125  7:45  Zergling x8  
  125  7:47  Drone  
  125  7:48  Overseer  
  128  7:53  Drone x3  
  128  7:54  Hydralisk Den  
  128  7:57  Roach  
  128  7:58  Roach x6  
  144  8:06  Hatchery, Drone  
  144  8:07  Drone x2  
  146  8:17  Overlord  
  146  8:18  Overlord  
  146  8:22  Zerg Missile Weapons Level 1, Lurker Den  
  146  8:24  Hydralisk x5  
  155  8:39  Drone x3  
  155  8:40  Hydralisk  
  155  8:41  Hydralisk x7  
  167  8:54  Ravager x4  
  167  8:56  Zergling x12  
  167  9:00  Overlord x3  
  171  9:04  Ravager x2  
  171  9:05  Ravager  
  172  9:10  Zergling x2  
  172  9:15  Infestation Pit  
  172  9:20  Zergling x28  
  172  9:22  Zergling x4  
  188  9:34  Zergling x14  
  194  9:44  Zergling x12  
  200  9:52  Hydralisk x4, Zergling x18  
  198  9:53  Zergling x2  
  198  9:55  Roach  
  198  9:58  Roach x2  
  163  10:06  Hive  
  157  10:09  Zergling x2  
  157  10:10  Zergling x14  
  163  10:14  Lurker x3  
  163  10:15  Lurker  
  163  10:17  Lurker x4  
  167  10:22  Lurker x3  
  167  10:25  Zerg Ground Armor Level 2, Zerg Missile Weapons Level 2  
  167  10:26  Roach x6  
  167  10:27  Roach  
  184  10:29  Roach x3  
  184  10:33  Pneumatized Carapace  
  190  10:36  Roach  
  190  10:37  Roach x3  
  190  10:39  Roach  
  190  10:40  Roach  
  198  10:51  Zergling x2  
  199  11:06  Spine Crawler x2  
  199  11:07  Spine Crawler  
  199  11:08  Spine Crawler x2, Extractor x2  
  199  11:10  Spore Crawler  
  191  11:11  Drone x3  
  191  11:12  Drone x2  
  191  11:13  Drone  
  191  11:14  Glial Reconstitution  
  191  11:15  Muscular Augments  
  187  11:18  Zergling x12  
  187  11:19  Zergling x6  
  187  11:20  Ravager  
  187  11:21  Ravager x6  
  187  11:23  Ravager x2  
  200  11:37  Spine Crawler, Ultralisk Cavern  
  200  11:39  Spine Crawler  
  195  11:56  Mutalisk x2  
  158  12:28  Overlord  
  158  12:29  Overlord x2  
  141  12:38  Ultralisk x7  
  141  12:42  Zergling x10  
  186  12:53  Zergling x6  
  189  13:02  Hatchery  
Show
View Real Time Build Order
Export as new Build Order

IlIlIlIlIlIl Protoss 

Build Orders: Nexus First, Phoenix Opening 

Get SALT Encoding   

  12  0:01  Probe (Chrono Boost)  
  13  0:11  Probe (Chrono Boost)  
  14  0:21  Pylon  
  14  0:22  Probe (Chrono Boost)  
  15  0:39  Probe (Chrono Boost)  
  17  0:50  Probe (Chrono Boost)  
  17  0:58  Nexus  
  17  1:11  Gateway  
  17  1:13  Probe (Chrono Boost)  
  18  1:19  Assimilator  
  18  1:24  Probe (Chrono Boost)  
  19  1:30  Assimilator  
  19  1:35  Probe (Chrono Boost)  
  20  1:45  Probe (Chrono Boost)  
  21  1:49  Gateway  
  21  1:56  Probe (Chrono Boost)  
  22  2:02  Cybernetics Core  
  22  2:06  Probe (Chrono Boost)  
  23  2:14  Probe (Chrono Boost)  
  24  2:17  Probe (Chrono Boost)  
  25  2:25  Probe (Chrono Boost)  
  25  2:27  Probe (Chrono Boost)  
  27  2:36  Probe (Chrono Boost)  
  28  2:38  Probe (Chrono Boost)  
  28  2:39  Adept  
  28  2:42  Stargate  
  31  2:44  Adept  
  31  2:46  Probe (Chrono Boost)  
  31  2:48  Probe (Chrono Boost)  
  35  2:52  Pylon  
  35  2:56  Warp Gate  
  35  2:57  Probe (Chrono Boost)  
  36  2:59  Probe (Chrono Boost)  
  36  3:04  Pylon  
  37  3:07  Probe (Chrono Boost)  
  37  3:10  Probe (Chrono Boost)  
  39  3:18  Probe (Chrono Boost), Adept  
  42  3:21  Probe (Chrono Boost)  
  42  3:23  Adept  
  42  3:27  Probe (Chrono Boost), Phoenix (Chrono Boost)  
  47  3:34  Mothership Core  
  50  3:41  Probe  
  50  3:43  Pylon  
  51  3:55  Phoenix (Chrono Boost)  
  54  3:58  Nexus  
  53  4:04  Probe x2, Pylon x2  
  55  4:12  Assimilator  
  55  4:14  Assimilator  
  55  4:16  Probe  
  56  4:17  Probe  
  56  4:18  Phoenix (Chrono Boost)  
  59  4:24  Forge  
  59  4:28  Probe  
  59  4:29  Probe  
  61  4:36  Robotics Facility  
  61  4:43  Phoenix (Chrono Boost)  
  63  4:46  Probe  
  63  4:47  Probe  
  65  4:58  Probe, Protoss Ground Weapons Level 1  
  66  5:00  Adept x2  
  66  5:01  Probe  
  66  5:03  Pylon  
  71  5:08  Probe  
  71  5:10  Probe  
  71  5:11  Probe  
  74  5:19  Probe  
  74  5:21  Assimilator  
  75  5:22  Probe x2  
  77  5:29  Probe  
  77  5:32  Immortal, Probe  
  77  5:33  Robotics Bay  
  77  5:34  Probe  
  84  5:40  Probe  
  83  5:43  Probe  
  83  5:46  Probe  
  81  5:50  Probe  
  81  5:54  Probe  
  75  5:58  Probe  
  75  6:01  Probe  
  75  6:02  Sentry, Gateway  
  75  6:04  Gateway, Probe  
  79  6:06  Adept  
  79  6:07  Assimilator  
  86  6:11  Oracle (Chrono Boost)  
  86  6:15  Observer  
  89  6:23  Pylon  
  86  6:26  Adept x2  
  86  6:32  Probe  
  91  6:33  Gateway  
  91  6:35  Gateway  
  91  6:37  Gateway  
  91  6:38  Gateway  
  91  6:39  Disruptor  
  90  6:41  Pylon  
  90  6:44  Gateway  
  93  6:47  Probe, Gateway  
  93  6:52  Robotics Facility  
  93  6:53  Pylon  
  94  6:58  Twilight Council, Protoss Ground Armor Level 1  
  94  7:00  Probe, Forge  
  95  7:01  Probe  
  95  7:03  Probe  
  97  7:12  Probe  
  97  7:15  Disruptor  
  96  7:18  Adept x4  
  96  7:21  Pylon  
  107  7:23  Photon Cannon  
  107  7:38  Stalker x2  
  107  7:39  Protoss Ground Weapons Level 2  
  107  7:41  Blink (Chrono Boost)  
  107  7:43  Sentry x2  
  107  7:44  Sentry  
  117  7:49  Nexus  
  117  7:51  Disruptor  
  117  7:52  Pylon x2  
  117  7:56  Stalker  
  117  7:57  Stalker x2  
  128  8:12  Warp Prism  
  128  8:13  Phoenix  
  128  8:18  Stalker x4, Pylon  
  137  8:25  Stalker x3  
  140  8:45  Stalker x3  
  140  8:48  Phoenix  
  145  8:51  Probe  
  146  9:07  Stalker x2  
  146  9:08  Stalker x2, Pylon x2  
  152  9:13  Photon Cannon  
  152  9:15  Photon Cannon  
  152  9:24  Sentry, Stalker x3  
  152  9:27  Warp Prism  
  152  9:29  Stalker  
  164  9:42  Probe x2  
  164  9:43  Probe  
  166  9:51  Probe  
  109  10:11  Stalker x3  
  109  10:12  Stalker x5  
  109  10:13  Stalker x2  
  120  10:16  Disruptor  
  120  10:17  Disruptor  
  120  10:24  Photon Cannon  
  120  10:26  Photon Cannon  
  118  10:29  Probe  
  118  10:30  Probe  
  118  10:31  Probe  
  118  10:34  Protoss Ground Weapons Level 3  
  121  10:36  Zealot x2  
  121  10:37  Probe  
  121  10:39  Probe  
  120  11:01  Stalker x3  
  120  11:03  Sentry x3  
  130  11:14  Probe  
  130  11:16  Probe  
  132  11:22  Disruptor x2  
  138  11:41  Stalker x2  
  138  11:42  Stalker x4  
  150  11:57  Probe  
  150  11:58  Probe, Warp Prism  
  154  12:09  Probe  
  141  12:17  Probe  
  141  12:19  Probe  
  124  12:24  Probe  
  115  12:34  Stalker x7  
  115  12:35  Stalker x3  
  130  12:37  Disruptor  
  130  12:41  Observer  
  134  12:57  Pylon  
  134  12:59  Pylon  
  137  13:16  Zealot  
  137  13:17  Zealot x6  
  137  13:18  Zealot x3  
Tags
 
Add a new tag
Caveats
  • Supply blocks, unpowered buildings, or Contaminate may cause inaccurate times.
  • Supply counts are checked every 10 seconds.